 Dungeon Sprint DCSS version 0.20-a0-29-g41cc41e (webtiles) character file.

72699 Naow the Hoplite (level 15, -12/146 HPs)
             Began as a Deep Dwarf Fighter on Nov 7, 2016.
             Was the Champion of Makhleb.
             Killed from afar by Xtahua (64 damage)
             ... with a searing blast
             ... in the Dungeon (Sprint IX: "|||||||||||||||||||||||||||||") on Nov 8, 2016.
             The game lasted 00:18:49 (3559 turns).

Naow the Hoplite (Deep Dwarf Fighter)               Turns: 3559, Time: 00:18:50

Health: -12/146    AC: 28    Str: 30    XL:     15   Next: 1%
Magic:  27/27      EV: 17    Int:  8    God:    Makhleb [******]
Gold:   1900       SH: 27    Dex: 12    Spells: 0 memorised, 14 levels left

rFire  . . .     SeeInvis .     H - +3 demon whip (vamp)
rCold  . . .     Gourm    .     I - +5 plate armour {rPois}
rNeg   + . .     Faith    .     o - +0 large shield
rPois  +         Spirit   .     C - +2 hat
rElec  .         Reflect  .     z - +1 cloak
rCorr  .         Harm     .     q - +0 pair of gloves
MR     ++...     NoTele   +     (no boots)
Stlth  ..........               (no amulet)
                                t - +3 ring of strength
                                s - +2 ring of evasion

@: non-regenerating
A: damage resistance, recharge devices, negative energy resistance 1, sense
surroundings 2, slow regeneration 3
a: Device Recharging, Minor Destruction, Lesser Servant of Makhleb, Major
Destruction, Greater Servant of Makhleb, Renounce Religion


You were in the Dungeon.
You worshipped Makhleb.
Makhleb was exalted by your worship.
You were not hungry.

You visited 1 branch You collected 1900 gold pieces.

Inventory:

Hand Weapons
 b - a +2 sacred scourge of holy wrath
 D - a +5 blowgun
 H - a +3 vampiric demon whip (weapon)
Missiles
 E - 6 curare-tipped needles
Armour
 o - a +0 large shield (worn)
 q - a +0 pair of gloves (worn)
 z - a +1 cloak (worn)
 C - a +2 hat (worn)
 I - a +5 plate armour of poison resistance (worn)
Jewellery
 s - a +2 ring of evasion (left hand)
 t - a +3 ring of strength (right hand)
 u - an uncursed ring of ice
 F - an uncursed ring of protection from magic
 G - an uncursed ring of protection from fire
Wands
 e - a wand of heal wounds (2/9)
 n - a wand of iceblast (7/15)
Scrolls
 k - 6 scrolls of remove curse
 l - 3 scrolls of blinking
 m - 2 scrolls of amnesia
 x - a scroll of identify
 K - a scroll of fear
Potions
 d - a potion of invisibility
 g - 6 potions of curing
 h - 5 potions of heal wounds
 i - a potion of haste
 j - 4 potions of magic
 v - a potion of brilliance
 w - a potion of resistance
Comestibles
 a - 6 chunks of flesh
 f - 13 bread rations
 A - 40 fruits
 B - 12 meat rations


   Skills:
 + Level 12.9 Fighting
 - Level 21.4 Maces & Flails
 + Level 15.1 Armour
 + Level 14.5 Dodging
 - Level 26.0 Shields
 - Level 16.0 Invocations


You had 14 spell levels left.
You didn't know any spells.

Dungeon Overview and Level Annotations

Branches:
Dungeon (1/1)

Altars:
Cheibriados
Dithmenos
Elyvilon
Fedhas
Gozag
Hepliaklqana
Kikubaaqudgha
Makhleb
Nemelex Xobeh
Okawaru
Qazlal
Ru
Sif Muna
Trog
Uskayaw
Vehumet
Xom
Yredelemnul
Zin
The Shining One
Beogh
Jiyva
Lugonu

Shops:
D (([!

Annotations:
D Xtahua


Innate Abilities, Weirdness & Mutations

You are resistant to damage.
You can recharge devices by infusing magical energy.
You resist negative energy. (rN+)
You passively map the area around you.
You do not regenerate.


Message History

You hit Xtahua but do no damage. You whack Xtahua!
Xtahua is lightly wounded.
You block Xtahua's attack. x3
Some of the chunks of flesh in your inventory have rotted away.
You hit Xtahua.
You feel better.
Xtahua is lightly wounded.
You whack Xtahua!
Xtahua is lightly wounded.
Xtahua breathes flames at you. The searing blast hits you!
* * * LOW HITPOINT WARNING * * *
You are too injured to fight recklessly!
You are too injured to fight recklessly!
Unknown command.
You feel much better.
Xtahua roars, "FACE MY WRATH!"
Xtahua breathes flames at you. The searing blast hits you!
You die...

,* , *
,▓(▓.▓.▓.▓)▓.▓)▓. ,
,▓.▓)▓.▓.▓.▓)▓.▓)▓.
, , ,
▓.▓(▓.▓.▓.▓)▓.▓.▓.
,* ,
▓.▓)▓.▓.▓.▓)▓.▓)▓. ,
, ▓.▓)▓.▓[▓.▓)▓.▓.▓.
*,* *,
▓.▓)▓.▓.▓.▓)▓.▓.▓. ,
* ▓.▓)▓.▓.▓.▓.▓.▓.▓.
* *, *
▓D▓†▓.▓.▓.▓.▓.▓.▓. ,
, , *
,▓@▓.▓.▓.▓.▓[▓)▓(▓.
▓.▓.▓.▓†▓)▓[▓.▓.▓. *
* , *
▓.▓.▓.▓.▓.▓[▓.▓.▓. ,
* *
▓§▓.▓.▓^▓.▓[▓.▓)▓.
*,
*,▓.▓.▓.▓†▓.▓[▓.▓)▓.
, *
,▓.▓.▓.▓^▓.▓.▓.▓)▓.
, *,*
,▓.▓.▓.▓.▓.▓[▓†▓)▓.
* * * * *
▓.▓.▓.▓(▓.▓.▓.▓)▓. *
* ▓.▓[▓.▓†▓.▓.▓.▓)▓.


You could see Xtahua.

Vanquished Creatures
  Mennas (D)
  Gastronok (D)
  A frost giant (D)
  A nagaraja (D)
  Aizul (D)
  2 ironheart preservers (D)
  5 stone giants (D)
  A very ugly thing (D)
  A merfolk impaler (D)
  3 yaktaur captains (D)
  Josephine (D)
  2 fire dragons (D)
  2 rakshasas (D)
  A naga warrior (D)
  3 hydras (D)
  A centaur warrior (D)
  A merfolk aquamancer (D)
  A catoblepas (D)
  An alligator snapping turtle (D)
  A deep troll earth mage (D)
  An alligator (D)
  A deep troll shaman (D)
  5 death yaks (D)
  5 ogre magi (D)
  A spriggan berserker (D)
  A naga sharpshooter (D)
  A shock serpent (D)
  Sonja (D)
  A fire crab (shapeshifter) (D)
  A salamander mystic (D)
  2 hell knights (D)
  A skeletal warrior (D)
  A sea snake (D)
  3 deep trolls (D)
  A flayed ghost (D)
  An unseen horror (D)
  6 hill giants (D)
  8 orc knights (D)
  3 necromancers (D)
  2 ugly things (D)
  A harpy (D)
  A wolf spider (D)
  An ironbrand convoker (D)
  2 cyclopes (D)
  A black mamba (D)
  2 water nymphs (D)
  2 naga magi (D)
  2 yaktaurs (D)
  A gargoyle (D)
  5 spiny frogs (D)
  2 demonic crawlers (D)
  A rime drake (D)
  A wind drake (D)
  2 trolls (D)
  2 jumping spiders (D)
  A polar bear (shapeshifter) (D)
  A hornet (D)
  2 hippogriffs (D)
  A merfolk (D)
  A bog body (D)
  A hornet (shapeshifter) (D)
  A slime creature (D)
  2 tarantellas (D)
  4 wraiths (D)
  7 yaks (D)
  2 redbacks (D)
  A vampire mosquito (D)
  A mottled dragon (D)
  A naga (D)
  2 water moccasins (D)
  A sky beast (D)
  A swamp drake (D)
  15 orc warriors (D)
  An eye of draining (shapeshifter) (D)
  2 ice beasts (D)
  3 centaurs (D)
  A crocodile (D)
  5 bullfrogs (D)
  A crimson imp (D)
  2 hounds (D)
  2 orc priests (D)
  2 worker ants (D)
  5 orc wizards (D)
  5 orcs (D)
  A bat (D)
  A bat skeleton (D)
  A goblin (D)
  A jackal (D)
  A quokka (D)
  A giant cockroach zombie (D)
  2 kobolds (D)
185 creatures vanquished.

Vanquished Creatures (collateral kills)
  Margery (D)
  A very ugly thing (D)
  A rakshasa (D)
  A necromancer (D)
4 creatures vanquished.

Vanquished Creatures (others)
  A spatial maelstrom (D)
  A spriggan (D)
2 creatures vanquished.

Grand Total: 191 creatures vanquished

Notes
Turn   | Place    | Note
-------+----------+-------------------------------------------
     0 | D        | Naow the Deep Dwarf Fighter began the quest for the Orb.
     0 | D        | Reached XP level 1. HP: 20/20 MP: 1/1
     1 | D        | Banished a spatial maelstrom
    26 | D        | Noticed a worker ant
    26 | D        | Noticed a crimson imp
    26 | D        | Noticed a worker ant
    29 | D        | Reached skill level 4 in Shields
    45 | D        | Killed a worker ant
    45 | D        | Reached skill level 5 in Armour
    45 | D        | Reached XP level 2. HP: 15/30 MP: 2/2
    45 | D        | Reached XP level 3. HP: 19/36 MP: 3/3
    51 | D        | Reached skill level 5 in Maces & Flails
    56 | D        | Reached XP level 4. HP: 18/44 MP: 4/4
   403 | D        | Found a roughly hewn altar of Beogh.
   403 | D        | Found a snail-covered altar of Cheibriados.
   403 | D        | Found a shadowy altar of Dithmenos.
   403 | D        | Found a white marble altar of Elyvilon.
   403 | D        | Found a blossoming altar of Fedhas.
   403 | D        | Found an opulent altar of Gozag.
   404 | D        | Found a hazy altar of Hepliaklqana.
   405 | D        | Found a viscous altar of Jiyva.
   406 | D        | Found an ancient bone altar of Kikubaaqudgha.
   407 | D        | Found a corrupted altar of Lugonu.
   408 | D        | Found a burning altar of Makhleb.
   409 | D        | Found a sparkling altar of Nemelex Xobeh.
   410 | D        | Found an iron altar of Okawaru.
   411 | D        | Found a stormy altar of Qazlal.
   412 | D        | Found a sacrificial altar of Ru.
   413 | D        | Found a deep blue altar of Sif Muna.
   414 | D        | Found a bloodstained altar of Trog.
   415 | D        | Found a hide-covered altar of Uskayaw.
   416 | D        | Became a worshipper of Makhleb the Destroyer
   417 | D        | Found a radiant altar of Vehumet.
   418 | D        | Found a shimmering altar of Xom.
   419 | D        | Found a basalt altar of Yredelemnul.
   420 | D        | Found a glowing silver altar of Zin.
   421 | D        | Found a glowing golden altar of the Shining One.
   475 | D        | Noticed a sky beast
   475 | D        | Noticed an orc warrior
   475 | D        | Noticed an ice beast
   475 | D        | Noticed an ice beast
   475 | D        | Noticed a centaur
   483 | D        | Killed a sky beast
   483 | D        | Reached XP level 5. HP: 36/50 MP: 5/5
   485 | D        | Killed an orc warrior
   485 | D        | Reached XP level 6. HP: 34/57 MP: 6/6
   492 | D        | Killed an ice beast
   492 | D        | Reached * piety under Makhleb
   494 | D        | Killed an ice beast
   501 | D        | Reached ** piety under Makhleb
   501 | D        | Reached XP level 7. HP: 38/63 MP: 7/7
   508 | D        | Noticed a centaur warrior
   534 | D        | Killed a centaur warrior
   534 | D        | Reached XP level 8. HP: 42/72 MP: 8/8
   558 | D        | Reached *** piety under Makhleb
   695 | D        | Noticed a hippogriff
   695 | D        | Noticed a hippogriff
   695 | D        | Noticed a spiny frog
   700 | D        | Noticed a spiny frog
   703 | D        | Killed a hippogriff
   708 | D        | Killed a hippogriff
   708 | D        | Reached **** piety under Makhleb
   711 | D        | Killed a spiny frog
   711 | D        | Gained mutation: You passively map the area around you. [Deep Dwarf growth]
   711 | D        | Reached XP level 9. HP: 78/78 MP: 9/9
   727 | D        | Reached ***** piety under Makhleb
   733 | D        | Killed a spiny frog
   757 | D        | Noticed a rime drake
   757 | D        | Noticed a spiny frog
   757 | D        | Noticed a spiny frog
   764 | D        | Killed a rime drake
   780 | D        | Killed a spiny frog
   796 | D        | Killed a spiny frog
   796 | D        | Reached XP level 10. HP: 67/85 MP: 10/10
   797 | D        | Reached ****** piety under Makhleb
   836 | D        | Noticed a catoblepas
   836 | D        | Noticed a death yak
   836 | D        | Noticed a death yak
   836 | D        | Noticed a death yak
   843 | D        | Killed a catoblepas
   844 | D        | Noticed a death yak
   849 | D        | Noticed a death yak
   851 | D        | Killed a death yak
   860 | D        | Killed a death yak
   860 | D        | Reached skill level 5 in Fighting
   860 | D        | Reached skill level 5 in Shields
   868 | D        | Killed a death yak
   868 | D        | Reached skill level 6 in Shields
   868 | D        | Reached skill level 5 in Invocations
   888 | D        | Killed a death yak
   888 | D        | Reached skill level 5 in Dodging
   898 | D        | Killed a death yak
   898 | D        | Reached skill level 7 in Shields
   898 | D        | Reached XP level 11. HP: 76/97 MP: 14/16
  1132 | D        | Noticed an orc knight
  1160 | D        | Killed an orc knight
  1160 | D        | Reached skill level 8 in Shields
  1248 | D        | Found Oplodoh's Weapon Emporium.
  1248 | D        | Noticed a deep troll
  1248 | D        | Noticed a hill giant
  1248 | D        | Noticed a hill giant
  1248 | D        | Noticed a deep troll
  1251 | D        | Noticed an ogre mage
  1253 | D        | Noticed an ogre mage
  1253 | D        | Killed a deep troll
  1258 | D        | Killed a hill giant
  1264 | D        | Killed a hill giant
  1264 | D        | Reached skill level 9 in Shields
  1268 | D        | Killed a deep troll
  1270 | D        | Reached skill level 10 in Invocations
  1271 | D        | Found Zueten's Antique Weapon Shoppe.
  1287 | D        | Killed an ogre mage
  1287 | D        | Reached skill level 10 in Armour
  1295 | D        | Killed an ogre mage
  1296 | D        | Found Hemy's Antique Armour Emporium.
  1298 | D        | Noticed a hill giant
  1299 | D        | Found Siaqikk's Distillery.
  1299 | D        | Noticed a hill giant
  1301 | D        | Noticed a deep troll
  1302 | D        | Noticed a hill giant
  1306 | D        | Noticed an ogre mage
  1306 | D        | Killed a hill giant
  1312 | D        | Killed a hill giant
  1312 | D        | Reached skill level 10 in Shields
  1320 | D        | Killed a deep troll
  1326 | D        | Killed a hill giant
  1326 | D        | Reached XP level 12. HP: 98/114 MP: 20/20
  1330 | D        | Killed an ogre mage
  1330 | D        | Reached skill level 10 in Dodging
  1436 | D        | Noticed Gastronok
  1455 | D        | Killed Gastronok
  1455 | D        | Reached skill level 11 in Shields
  1467 | D        | Noticed Sonja
  1468 | D        | Killed Sonja
  1665 | D        | Noticed an ogre mage
  1672 | D        | Reached skill level 10 in Fighting
  1678 | D        | Noticed an ogre mage
  1696 | D        | Noticed a stone giant
  1698 | D        | Noticed a stone giant
  1700 | D        | Killed an ogre mage
  1716 | D        | Killed an ogre mage
  1721 | D        | Reached skill level 12 in Shields
  1741 | D        | Killed a stone giant
  1760 | D        | Killed a stone giant
  1844 | D        | Noticed Josephine
  1864 | D        | Killed Josephine
  1922 | D        | Noticed an alligator snapping turtle
  1922 | D        | Noticed a merfolk impaler
  1954 | D        | Killed an alligator snapping turtle
  1954 | D        | Reached XP level 13. HP: 121/127 MP: 23/23
  1996 | D        | Reached skill level 13 in Shields
  2008 | D        | Killed a merfolk impaler
  2198 | D        | Reached skill level 15 in Invocations
  2318 | D        | Noticed a nagaraja
  2353 | D        | Killed a nagaraja
  2357 | D        | Reached skill level 14 in Shields
  2444 | D        | Reached skill level 15 in Armour
  2506 | D        | Noticed Aizul
  2541 | D        | Killed Aizul
  2541 | D        | Reached skill level 15 in Shields
  2614 | D        | Noticed a stone giant
  2614 | D        | Noticed a fire dragon
  2615 | D        | Noticed a stone giant
  2624 | D        | Killed a stone giant
  2624 | D        | Reached skill level 16 in Shields
  2651 | D        | Noticed a fire dragon
  2658 | D        | Reached skill level 17 in Shields
  2671 | D        | Killed a fire dragon
  2684 | D        | Noticed a green very ugly thing
  2692 | D        | Noticed a green very ugly thing
  2718 | D        | Noticed a red very ugly thing
  2736 | D        | Reached skill level 18 in Shields
  2736 | D        | Gained mutation: You resist negative energy. (rN+) [Deep Dwarf growth]
  2736 | D        | Reached XP level 14. HP: 111/139 MP: 26/26
  2749 | D        | Killed a stone giant
  2817 | D        | Killed a red very ugly thing
  2817 | D        | Reached skill level 19 in Shields
  2835 | D        | Killed a red very ugly thing
  2900 | D        | Reached skill level 20 in Shields
  3032 | D        | Noticed an ironheart preserver
  3045 | D        | Reached skill level 21 in Shields
  3097 | D        | Noticed a stone giant
  3107 | D        | Killed an ironheart preserver
  3107 | D        | Reached skill level 22 in Shields
  3108 | D        | Noticed a frost giant
  3133 | D        | Noticed an ironheart preserver
  3163 | D        | Killed a stone giant
  3181 | D        | Killed a frost giant
  3181 | D        | Reached skill level 23 in Shields
  3206 | D        | Killed an ironheart preserver
  3322 | D        | Noticed Margery
  3329 | D        | Reached skill level 24 in Shields
  3330 | D        | Noticed Mennas
  3345 | D        | Killed Margery
  3510 | D        | Killed Mennas
  3510 | D        | Reached skill level 26 in Shields
  3510 | D        | Reached XP level 15. HP: 72/146 MP: 27/27
  3550 | D        | Noticed Xtahua
  3559 | D        | Killed from afar by Xtahua

Vault maps used:
D:        linesprint

Skill      XL: |  1  2  3  4  5  6  7  8  9 10 11 12 13 14 |
---------------+-------------------------------------------+-----
Fighting       | 3 6 9 11 12 | 12.9
Armour         | 5 7 11 13 15 | 15.1
Shields        | 4 7 10 12 18 26 | 26.0
Maces & Flails | 3 6 9 11 13 16 18 20 21 | 21.4
Dodging        | 5 9 12 14 | 14.5
Invocations    | 7 11 14 16 | 16.0

Action                   |  1- 3 |  4- 6 |  7- 9 | 10-12 | 13-15 || total
-------------------------+-------+-------+-------+-------+-------++-------
Melee: Flail             |    42 |       |       |       |       ||    42
       Morningstar       |       |    25 |   134 |   302 |       ||   461
       Demon whip        |       |       |       |   155 |   997 ||  1152
Invok: Greater Servant o |       |       |       |       |     3 ||     3
Evoke: Wand              |       |     1 |     2 |       |     4 ||     7
  Use: Potion            |     3 |       |     2 |     3 |     4 ||    12
       Scroll            |       |       |       |     5 |       ||     5
 Stab: Confused          |       |       |       |       |     1 ||     1
  Eat: Chunk             |       |       |       |     4 |     7 ||    11
       Bread ration      |       |       |       |     1 |       ||     1
Armor: Scale mail        |    12 |       |       |       |       ||    12
       Ring mail         |       |    10 |    33 |    39 |       ||    82
       Plate armour      |       |       |       |    30 |   198 ||   228
Dodge: Dodged            |    10 |     4 |    23 |    95 |   212 ||   344
Block: Shield            |    18 |     9 |    44 |   139 |   380 ||   590
       Large shield      |       |       |       |       |     3 ||     3
